Map: [ESL] Dragon Scales

Players

RagnaroK (SHIN)

  • Race: Zerg Zerg

Serral - Winner!

  • Race: Zerg Zerg

Event: IEM Katowice 2023

VOD

Have the link to the VOD?

Description

Time

  • Played on: Feb. 12, 2023, 6:28 a.m.
  • Length: 8:44

All games in this series

Show
View Real Time Build Order
Export as new Build Order

RagnaroK Zerg 

Build Orders: Hatch First 

Get SALT Encoding   

  12  0:00  Drone  
  13  0:12  Overlord  
  13  0:16  Drone  
  14  0:32  Drone x2  
  16  0:48  Hatchery  
  15  0:51  Drone  
  15  0:54  Drone  
  17  0:58  Drone  
  18  1:09  Extractor  
  17  1:13  Spawning Pool  
  17  1:15  Drone  
  17  1:19  Drone  
  18  1:28  Drone  
  19  1:39  Drone  
  20  1:50  Drone  
  21  2:00  Queen x2  
  21  2:01  Drone x2  
  27  2:10  Overlord  
  27  2:11  Zergling x2  
  27  2:12  Metabolic Boost  
  28  2:28  Drone x2  
  30  2:33  Zergling x4  
  32  2:42  Hatchery  
  32  2:43  Drone  
  32  2:44  Drone  
  33  2:48  Queen  
  35  2:56  Baneling Nest  
  35  2:58  Overlord  
  34  3:02  Drone  
  34  3:04  Drone  
  36  3:15  Overlord  
  36  3:17  Drone x4  
  40  3:21  Zergling x4  
  42  3:28  Drone, Evolution Chamber  
  42  3:31  Overlord  
  42  3:39  Baneling x2  
  42  3:40  Zergling x6  
  45  3:43  Drone  
  45  3:50  Drone x2  
  45  3:54  Zergling x2  
  42  3:55  Zergling x2  
  42  3:57  Zergling x4  
  42  3:58  Zergling x2  
  42  4:01  Queen  
  46  4:04  Zergling x2  
  46  4:07  Drone  
  48  4:11  Zergling x4  
  48  4:15  Zergling x2  
  48  4:19  Baneling x2  
  48  4:23  Drone x3  
  46  4:26  Drone  
  44  4:31  Drone  
  44  4:33  Drone  
  44  4:34  Drone  
  44  4:37  Zerg Missile Weapons Level 1  
  46  4:39  Drone  
  46  4:40  Drone  
  46  4:42  Drone  
  46  4:44  Drone  
  50  4:47  Zergling x2  
  50  4:50  Zergling x2  
  51  4:53  Drone  
  51  4:54  Queen  
  54  5:02  Zergling x2  
  54  5:03  Roach Warren, Zergling x2  
  55  5:09  Drone x5  
  60  5:15  Zergling x2  
  60  5:17  Baneling x2  
  60  5:20  Extractor, Zergling x8  
  60  5:21  Zergling x2  
  58  5:28  Zergling x4  
  58  5:34  Overlord  
  59  5:35  Extractor  
  59  5:36  Extractor  
  59  5:38  Overlord  
  57  5:44  Overlord  
  57  5:45  Roach x2  
  57  5:48  Roach  
  57  5:49  Roach  
  65  5:53  Roach x2  
  65  5:55  Drone  
  70  5:58  Drone x3  
  70  6:00  Overlord  
  70  6:02  Roach  
  75  6:06  Roach  
  75  6:08  Roach  
  81  6:11  Roach x3  
  81  6:12  Roach  
  89  6:18  Roach  
  89  6:20  Roach  
  89  6:22  Roach  
  92  6:28  Roach  
  92  6:30  Roach  
  92  6:32  Overlord x2  
  98  6:33  Roach  
  98  6:37  Roach  
  98  6:39  Roach  
  98  6:41  Roach  
  98  6:42  Roach  
  98  6:45  Roach  
  94  6:48  Roach  
  94  6:52  Roach  
  91  6:54  Roach  
  91  6:57  Roach  
  91  7:00  Drone x4  
  99  7:05  Drone x4  
  99  7:07  Roach  
  105  7:10  Baneling x2  
  105  7:14  Roach x2  
  109  7:16  Roach  
  109  7:22  Extractor  
  108  7:23  Roach  
  108  7:26  Roach  
  108  7:27  Roach  
  113  7:31  Drone  
  113  7:32  Overlord x3  
  113  7:33  Extractor  
  113  7:38  Lair  
  113  7:41  Roach  
  113  7:42  Drone x2  
  113  7:43  Overlord  
  114  7:47  Overlord  
  114  7:49  Overlord  
  116  7:51  Roach  
  116  7:52  Roach  
  116  7:55  Roach  
  116  7:57  Roach  
  124  7:58  Roach  
  124  8:04  Zergling x10  
  129  8:07  Zergling x2  
  129  8:09  Zergling x2  
  129  8:10  Zergling x2  
  129  8:11  Zergling x2  
  133  8:16  Zergling x2  
  133  8:18  Ravager, Zergling x2  
  136  8:22  Zergling x2  
  136  8:25  Zergling x6  
  137  8:28  Drone x2  
  137  8:29  Drone  
  137  8:40  Extractor  
Show
View Real Time Build Order
Export as new Build Order

Serral Zerg - Winner!

Build Orders: Hatch First 

Get SALT Encoding   

  12  0:00  Drone  
  13  0:12  Overlord  
  13  0:16  Drone  
  14  0:30  Drone x2  
  16  0:47  Hatchery  
  15  0:50  Drone  
  15  0:54  Drone  
  17  0:57  Drone  
  18  1:08  Extractor  
  17  1:13  Spawning Pool  
  17  1:15  Drone  
  17  1:19  Drone  
  18  1:27  Drone  
  19  1:38  Drone  
  20  1:57  Drone  
  20  1:59  Queen x2  
  20  2:00  Overlord, Zergling x2  
  26  2:08  Metabolic Boost  
  26  2:10  Drone x2  
  28  2:21  Drone  
  28  2:22  Drone  
  30  2:33  Hatchery  
  30  2:35  Zergling x2  
  30  2:38  Drone  
  30  2:43  Drone  
  32  2:46  Baneling Nest  
  32  2:50  Overlord  
  31  2:53  Drone  
  31  2:56  Drone  
  33  3:09  Zergling x12  
  33  3:12  Zergling x2  
  40  3:13  Zergling x2  
  41  3:21  Overlord  
  41  3:23  Drone  
  42  3:33  Drone x2  
  44  3:34  Baneling  
  44  3:35  Baneling  
  44  3:40  Drone  
  44  3:41  Drone x5  
  50  3:45  Zergling x2  
  50  3:46  Evolution Chamber  
  50  3:50  Overlord  
  50  3:51  Drone  
  48  3:56  Baneling  
  48  3:57  Zergling x4  
  48  4:00  Drone  
  51  4:03  Queen  
  51  4:06  Extractor  
  51  4:07  Baneling, Zergling x2  
  51  4:08  Baneling  
  52  4:17  Zergling x6  
  52  4:22  Drone x2  
  53  4:26  Zergling x4  
  54  4:31  Drone x2  
  54  4:33  Zerg Ground Armor Level 1  
  54  4:36  Roach Warren  
  54  4:39  Baneling  
  54  4:42  Drone x5  
  54  4:45  Baneling  
  59  4:46  Extractor  
  59  4:48  Drone x2  
  59  4:51  Drone  
  61  4:55  Overlord  
  61  4:57  Drone  
  62  5:00  Baneling x2  
  62  5:02  Zergling x4  
  64  5:09  Overlord  
  61  5:21  Roach  
  61  5:22  Roach x5  
  61  5:25  Overlord x2  
  71  5:30  Overlord  
  71  5:33  Roach  
  71  5:34  Roach x3  
  78  5:38  Overlord  
  78  5:39  Roach  
  78  5:40  Roach  
  81  5:50  Roach x4  
  88  5:57  Zergling x6  
  88  6:02  Zergling x2  
  88  6:03  Zergling x2  
  92  6:05  Zergling x2  
  92  6:08  Zergling x10  
  92  6:09  Zergling x8  
  101  6:13  Overlord  
  101  6:18  Zergling x4  
  101  6:24  Zergling x4  
  105  6:29  Zergling x2  
  106  6:35  Zergling x8  
  106  6:38  Zergling x8  
  104  6:44  Queen  
  104  6:45  Zergling x8  
  102  6:48  Lair, Zerg Missile Weapons Level 1  
  102  6:50  Zergling x2  
  94  6:58  Drone x2  
  96  7:03  Drone x4  
  100  7:08  Drone  
  100  7:09  Drone x3  
  100  7:10  Extractor  
  100  7:12  Extractor  
  100  7:14  Overlord  
  102  7:16  Roach x5  
  112  7:23  Roach x2  
  112  7:27  Overlord  
  115  7:32  Roach x3  
  115  7:34  Baneling x2  
  121  7:40  Roach x3  
  120  7:49  Roach x3  
  126  7:53  Overseer  
  126  7:55  Roach  
  126  7:56  Roach  
  128  8:01  Overlord, Ravager x2  
  130  8:06  Roach x3  
  130  8:08  Ravager  
  130  8:11  Overlord  
  137  8:19  Overlord  
  137  8:21  Roach x4, Ravager  

Tags
 
Add a new tag
Caveats
  • Supply blocks, unpowered buildings, or Contaminate may cause inaccurate times.
  • Supply counts are checked every 10 seconds.